 Dungeon Crawl Stone Soup version 0.32-a0-893-gf85d74f360 (webtiles) character file.

Game seed: 11455432453471298607

1719664 GnomeSayin the Oni Ballista (level 27, 318/318 HPs)
             Began as an Oni Fighter on Apr 2, 2024.
             Was the Champion of Okawaru.
             Escaped with the Orb
             ... and 3 runes on Apr 3, 2024!
             The game lasted 09:00:17 (67632 turns).

GnomeSayin the Oni Ballista (Oni Fighter)          Turns: 67632, Time: 09:00:18

Health: 318/318    AC: 33    Str: 36    XL:     27
Magic:  34/34      EV:  8    Int: 14    God:    Okawaru [******]
Gold:   5391       SH: 29    Dex: 19    Spells: 26/26 levels left

rFire   + . .        V - +4 eveningstar (freeze)
rCold   + . .        k - +6 tower shield of Broken Taboos {Dex+3}
rNeg    + . .        M - +9 shadow dragon scales "Tucuamo" {rF+ Str+2 Int+3 Stlth++++}
rPois   +            d - +2 hat {Stlth+}
rElec   +            C - +2 cloak
rCorr   .            (gloves unavailable)
SInv    +            (boots unavailable)
Will    ++++.        m - necklace of Bloodlust {Fury *Rage Will++ Int-3 Slay+6}
Stlth   ++           B - ring of Xaezets {rElec Str+4 Int+5 SInv Clar}
HPRegen 0.73/turn    y - ring "Pilais" {rPois rC+ rN+}
MPRegen 0.24/turn

%: clarity
@: studying 4 skills
A: large, unfitting armour, horns 1, tough skin 1, double potion healing,
drunken brawling, subdued magic 1
0: Orb of Zot
}: 3/15 runes: serpentine, barnacled, slimy
a: Renounce Religion, Heroism, Finesse, Duel


You escaped.
You worshipped Okawaru.
Okawaru was exalted by your worship.
You visited 11 branches of the dungeon, and saw 52 of its levels.
You visited 2 bazaars.
You also visited: Trove, Gauntlet, Ice Cave and Wizlab.

You collected 7782 gold pieces.
You spent 2391 gold pieces at shops.

Inventory:

Hand Weapons
 z - the +0 short sword "Ypeniwk" {heavy, +Blink rC- rN+ Will++}
   (You took it off a merfolk siren on level 4 of the Shoals)

   rC-:       It makes you vulnerable to cold.
   rN+:       It protects you from negative energy.
   Will++:    It greatly increases your willpower.
   +Blink:    It lets you blink.
 L - a +3 eveningstar of holy wrath
 V - a +4 eveningstar of freezing (weapon)
Missiles
 c - 26 curare-tipped darts
 e - 26 javelins
 p - 6 throwing nets
 x - 14 darts of dispersal
 K - 29 boomerangs
 R - 47 large rocks (quivered)
 Y - 5 silver javelins
Armour
 d - a +2 hat of stealth (worn)
 k - the +6 tower shield of Broken Taboos (worn) {Dex+3}
   (You acquired it on level 13 of the Dungeon)

   Dex+3:     It affects your dexterity (+3).
 C - a +2 cloak (worn)
 M - the +9 shadow dragon scales "Tucuamo" (worn) {rF+ Str+2 Int+3 Stlth++++}
   (Okawaru gifted it to you on level 4 of the Shoals)

   Str+2:     It affects your strength (+2).
   Int+3:     It affects your intelligence (+3).
   rF+:       It protects you from fire.
   Stlth++++: It makes you much more stealthy.
Jewellery
 f - the ring "Loesax" {+Blink Fly Str+2}
   (You found it on level 5 of the Pits of Slime)

   [ring of flight]

   Str+2:     It affects your strength (+2).
   Fly:       It grants you flight.
   +Blink:    It lets you blink.
 j - an amulet of faith
 m - the necklace of Bloodlust (around neck) {Fury *Rage Will++ Int-3 Slay+6}
   (You found it in a Gauntlet)

   [amulet of nothing]

   Fury:      It extends the wearer's berserk rage when killing foes.
   Int-3:     It affects your intelligence (-3).
   Slay+6:    It affects your accuracy & damage with ranged weapons and melee
   (+6).
   Will++:    It greatly increases your willpower.
   *Rage:     It berserks you when you make melee attacks (+50% chance).
 y - the ring "Pilais" (right hand) {rPois rC+ rN+}
   (You found it on level 2 of the Elven Halls)

   [ring of positive energy]

   rC+:       It protects you from cold.
   rPois:     It protects you from poison.
   rN+:       It protects you from negative energy.
 B - the ring of Xaezets (left hand) {rElec Str+4 Int+5 SInv Clar}
   (You bought it in a shop on level 11 of the Dungeon)

   [ring of see invisible]

   Str+4:     It affects your strength (+4).
   Int+5:     It affects your intelligence (+5).
   rElec:     It insulates you from electricity.
   SInv:      It lets you see invisible.
   Clar:      It protects you from confusion, rage, mesmerisation and fear.
Wands
 i - a wand of roots (38)
 t - a wand of digging (39)
 I - a wand of paralysis (46)
 W - a wand of light (22)
Scrolls
 b - 7 scrolls of blinking
 l - 4 scrolls of fog
 n - 25 scrolls of teleportation
 q - a scroll of revelation
 v - 11 scrolls of vulnerability
 w - 11 scrolls of enchant armour
 D - a scroll of silence
 E - 8 scrolls of immolation
 N - 6 scrolls of poison
 P - 2 scrolls of brand weapon
 U - 7 scrolls of fear
Potions
 a - 5 potions of invisibility
 g - 6 potions of attraction
 h - 3 potions of cancellation
 o - 10 potions of lignification
 r - 2 potions of ambrosia
 s - 7 potions of haste
 u - 3 potions of berserk rage
 A - 14 potions of heal wounds
 F - a potion of brilliance
 G - 12 potions of might
 H - 4 potions of enlightenment
 J - 9 potions of mutation
 O - 3 potions of resistance
 Q - 24 potions of curing
 T - 6 potions of magic
Miscellaneous
 S - a lightning rod (4/4)
 X - a phial of floods
 Z - a condenser vane


   Skills:
 - Level 26.0 Fighting
 - Level 11.0(16.2) Axes
 - Level 19.0(20.0) Maces & Flails
 O Level 27 Throwing
 - Level 14.0 Armour
 - Level 4.0 Dodging
 + Level 21.8 Shields
 - Level 15.0 Invocations
 - Level 6.0 Evocations


You had 26 spell levels left.
You didn't know any spells.
Your spell library contained the following spells:

 Spells                   Type           Power      Damage    Failure   Level
 Apportation              Tloc           0%         N/A       67%         1
 Foxfire                  Conj/Fire      0%         2x1d4     67%         1
 Freeze                   Ice            0%         1d3       67%         1
 Kiss of Death            Conj/Necr      0%         2d5       67%         1
 Magic Dart               Conj           0%         1d3       67%         1
 Necrotise                Necr           0%         1d4       67%         1
 Slow                     Hex            0%         N/A       67%         1
 Sting                    Conj/Alch      0%         1d3       67%         1
 Blink                    Tloc           0%         N/A       82%         2
 Cigotuvi's Dreadful Rot  Necr/Alch/Air  0%         N/A       82%         2
 Ensorcelled Hibernation  Hex/Ice        0%         N/A       82%         2
 Jinxbite                 Hex            0%         N/A       82%         2
 Lesser Beckoning         Tloc           0%         N/A       82%         2
 Mercury Vapours          Alch/Air       0%         N/A       82%         2
 Momentum Strike          Conj/Tloc      0%         3d8       82%         2
 Scorch                   Fire           0%         2d5       82%         2
 Searing Ray              Conj           0%         2d4       82%         2
 Static Discharge         Conj/Air       0%         3-3/arc   82%         2
 Sublimation of Blood     Necr           0%         N/A       82%         2
 Confusing Touch          Hex            0%         N/A       96%         3
 Dazzling Flash           Conj/Hex       0%         N/A       96%         3
 Frozen Ramparts          Ice            0%         1d1       96%         3
 Fugue of the Fallen      Necr           0%         N/A       96%         3
 Hailstorm                Conj/Ice       0%         3d5       96%         3
 Inner Flame              Hex/Fire       0%         N/A       96%         3
 Mephitic Cloud           Conj/Alch/Air  0%         N/A       96%         3
 Ozocubu's Armour         Ice            0%         N/A       96%         3
 Sigil of Binding         Hex            0%         N/A       96%         3
 Teleport Other           Tloc           0%         N/A       96%         3
 Vampiric Draining        Necr           0%         2d6       96%         3
 Volatile Blastmotes      Fire/Tloc      0%         2d10      96%         3
 Airstrike                Air            0%         2d(0-16)  100%        4
 Anguish                  Hex/Necr       0%         N/A       100%        4
 Dimensional Bullseye     Hex/Tloc       0%         N/A       100%        4
 Dispel Undead            Necr           0%         3d6       100%        4
 Flame Wave               Conj/Fire      0%         2d4       100%        4
 Fulminant Prism          Conj/Alch      0%         3d5       100%        4
 Iskenderun's Mystic Bla Conj/Tloc 0%             2d3        (+2d1     100%        4
 Leda's Liquefaction      Alch/Erth      0%         N/A       100%        4
 Olgreb's Toxic Radiance  Alch           0%         N/A       100%        4
 Sticky Flame             Fire/Alch      0%         2d4       100%        4
 Vhi's Electric Charge    Tloc/Air       0%         N/A       100%        4
 Arcjolt                  Conj/Air       0%         1d10      100%        5
 Borgnjor's Vile Clutch   Necr/Erth      0%         N/A       100%        5
 Freezing Cloud           Conj/Ice/Air   0%         6-21      100%        5
 Iskenderun's Battlesphe  Conj           0%         2d6       100%        5
 Lee's Rapid Deconstruct  Erth           0%         3d4*      100%        5
 Metabolic Englaciation   Hex/Ice        0%         N/A       100%        5
 Dispersal                Tloc           0%         N/A       100%        6
 Eringya's Noxious Bog    Alch           0%         4d6       100%        6
 Gell's Gavotte           Tloc           0%         2d(11-16) 100%        6
 Permafrost Eruption      Ice/Erth       0%         2x4d1     100%        6
 Plasma Beam              Fire/Air       0%         2x1d10    100%        6
 Manifold Assault         Tloc           0%         N/A       100%        7
 Ozocubu's Refrigeration  Ice            0%         4d7       100%        7
 Borgnjor's Revivificati  Necr           0%         N/A       100%        8
 Discord                  Hex            0%         N/A       100%        8
 Disjunction              Tloc           0%         N/A       100%        8
 Summon Small Mammal      Summ           Unusable   N/A       N/A         1
 Call Imp                 Summ           Unusable   N/A       N/A         2
 Summon Ice Beast         Ice/Summ       Unusable   N/A       N/A         3
 Summon Lightning Spire   Summ/Air       Unusable   N/A       N/A         4
 Summon Mana Viper        Hex/Summ       Unusable   N/A       N/A         5
 Sculpt Simulacrum        Ice/Alch       Unusable   N/A       N/A         6
 Summon Cactus Giant      Summ           Unusable   N/A       N/A         6
 Haunt                    Necr/Summ      Unusable   N/A       N/A         7
 Malign Gateway           Summ/Tloc      Unusable   N/A       N/A         7
 Summon Hydra             Summ           Unusable   N/A       N/A         7
 Summon Horrible Things   Summ           Unusable   N/A       N/A         8

Dungeon Overview and Level Annotations

Branches:
Dungeon (15/15)            Temple (1/1) D:5            Lair (5/5) D:10
 Shoals (4/4) Lair:2        Snake (4/4) Lair:3        Slime (5/5) Lair:5
    Orc (2/2) D:10            Elf (3/3) Orc:2        Vaults (4/5) D:13
  Crypt (0/3) Vaults:3     Depths (4/4) D:15            Zot (5/5) Depths:4
  IceCv (visited)          WizLab (visited)         Gauntlet (visited)

Altars:
Ashenzari
Cheibriados
Dithmenos
Elyvilon
Fedhas
Gozag
Hepliaklqana
Kikubaaqudgha
Makhleb
Nemelex Xobeh
Okawaru
Qazlal
Ru
Sif Muna
Trog
Uskayaw
Vehumet
Wu Jian
Xom
Yredelemnul
Zin
The Shining One
Beogh

Shops:
D:7 (   D:9 (   D:11 =   Orc:2 [:*(   Elf:3 (*   Shoals:1 [   Depths:1 ==:

Portals:
Hell: Depths:1 Depths:2 Depths:3 Depths:4
Abyss: Orc:1 Depths:3
Pandemonium: Depths:2 Depths:4
Ziggurat: Depths:4


Innate Abilities, Weirdness & Mutations

You are too large for most types of armour.
You have a pair of small horns on your head.
You have tough skin. (AC +1)
You gain doubled healing and magic from potions.
Whenever you drink a healing potion, you attack all around you.
Your spells are a little easier to cast, but a little less powerful.


Message History

Okawaru accepts your kill.
What level of the Dungeon? (default 1, ? - help)
There is a stone staircase leading up here.
You climb upwards.
There is a stone staircase leading down here.
There is a stone staircase leading up here.
You climb upwards.
There is a stone staircase leading down here.
There is an entrance to Xiwave's Weapon Shop here.
There is a stone staircase leading up, spattered with blood here.
You climb upwards.
There is a stone staircase leading down, spattered with blood here.
Items here: )) [ ÷÷.
There is a stone staircase leading up, spattered with blood here.
You climb upwards.
There is a stone staircase leading down, spattered with blood here.
A soul eater comes into view.
There is a stone staircase leading up here.
You climb upwards.
There is a stone staircase leading down here.
What level of the Dungeon? (default 1, ? - help)
Things that are here:
a +0 ring mail; a +0 short sword
There is a stone staircase leading up here.
You climb upwards.
There is a stone staircase leading down, spattered with blood here.
You open the door.
There is an open door here.
There is a stone staircase leading up here.
You climb upwards.
There is a stone staircase leading down here.
There is a stone staircase leading down here.
Things that are here:
a +1 vampiric hand axe; a hobgoblin skeleton
There is a stone staircase leading up here.
You climb upwards.
There is a stone staircase leading down here.
There is an open door here.
There is a staircase leading out of the dungeon here.
You have escaped!

#
#.#.....#....'...#
#
#...###......#.ß.#
##### ###....#...#
#....#...#
###.###### #'#####
#.....# #.....#
#.##@.# #.....#
#.....# #######


There were no monsters in sight!

Vanquished Creatures
  the Royal Jelly (Slime:5)
  A dread lich (Depths:3)
  Frederick (Depths:4)
  11 orbs of fire (Zot:5)
  2 ancient liches (Zot:5)
  A juggernaut (Depths:4)
  Saint Roka (Elf:3)
  3 Killer Klowns (Zot:5)
  5 curse toes
  8 caustic shrikes
  Nikola (Snake:2)
  12 golden dragons
  Norris (Depths:1)
  3 doom hounds (Zot:1)
  2 electric golems (Zot:5)
  The ghost of Vaixt the Severer, an adept DsGl of Jiyva (Elf:2)
  13 tentacled monstrosities
  A moon troll (WizLab)
  Jorgrun (Orc:2)
  Grunn (Zot:1)
  25 Orb Guardians (Zot:5)
  3 deep elf blademasters
  2 deep elf master archers (Elf:3)
  6 quicksilver dragons
  29 acid blobs
  A kraken (Shoals:4)
  A sphinx (Vaults:3)
  10 tentacled starspawn (WizLab)
  5 death cobs
  11 storm dragons
  Gastronok (Lair:2)
  Roxanne (Elf:3)
  A revenant (Vaults:3)
  The ghost of jasper the Metamorph, an adept DrSh of Gozag (Snake:1)
  2 tengu reavers
  6 protean progenitors
  13 azure jellies
  11 shadow dragons
  5 draconian monks
  4 draconian knights
  The ghost of Detyups the Grappler, an adept VSFi of Ashenzari (Shoals:3)
  Ilsuiw (Shoals:3)
  The ghost of rbyellow5 the Bludgeoner, a journeyman OnWr of the Shining One (Orc:2)
  11 rockslimes
  6 ghost moths
  7 nagarajas
  5 fire giants
  3 iron dragons
  2 deep elf sorcerers
  Louise (Elf:3)
  A draconian scorcher (Zot:2)
  8 vault wardens
  11 frost giants
  An orc warlord (Orc:2)
  7 spectral caustic shrikes
  A juggernaut zombie (Depths:1)
  6 quicksilver oozes
  2 draconian stormcallers
  6 formless jellyfish
  4 very ugly things
  A cacodemon (WizLab)
  17 ironbound preservers
  10 deep elf elementalists
  The ghost of Esekla the Reanimator, a journeyman DsWn of Vehumet (Lair:5)
  7 ironbound thunderhulks
  4 draconian annihilators
  6 vampire knights
  2 eleionomae (Shoals:2)
  12 stone giants
  6 deep elf demonologists
  9 green draconians
  7 white draconians
  A bunyip (Zot:3)
  3 deep elf annihilators (Elf:3)
  10 black draconians
  6 yellow draconians
  11 deep elf death magi
  4 purple draconians
  A minotaur (Gauntlet)
  5 red draconians
  The ghost of RoseCult the Protected, a journeyman MiFi of Okawaru (Orc:1)
  2 war gargoyles
  4 spectral titans (Depths:3)
  7 dire elephants
  13 spark wasps
  A blizzard demon (Depths:2)
  Snorg (Lair:5)
  15 ettins
  A spectral quicksilver dragon (Depths:3)
  3 jiangshi
  2 crystal guardians
  4 merfolk impalers
  2 spectral spriggans (Depths:3)
  2 fire dragons
  4 entropy weavers
  8 merfolk javelineers
  A spectral golden dragon (Depths:3)
  11 vault guards
  2 deep elf high priests (Elf:3)
  4 rakshasas
  11 great orbs of eyes
  6 yaktaur captains
  6 ice dragons
  2 spectral tengu (Depths:3)
  A death knight (D:15)
  3 peacekeepers
  3 spectral sphinxes (Depths:3)
  A hell beast (Depths:4)
  3 hydras
  2 ogre magi (Orc:2)
  A spectral shadow dragon (Depths:3)
  3 salamander tyrants
  3 spriggan air magi (Depths:4)
  Erica (D:8)
  2 merfolk aquamancers (Shoals:4)
  A catoblepas (Lair:5)
  8 ironbound frosthearts
  6 merfolk avatars
  28 dancing weapons
  5 anacondas
  12 two-headed ogres
  2 spectral frost giants (Depths:3)
  5 centaur warriors
  2 boulder beetles (D:14)
  The ghost of Newt the Markskobold, a journeyman KoHu of Hepliaklqana (D:9)
  4 vampire magi
  3 deep troll earth magi
  An orc high priest (Orc:2)
  8 satyrs
  A tengu warrior (Depths:4)
  4 deep troll shamans
  3 occultists
  3 spectral storm dragons (Depths:3)
  4 shock serpents
  Sonja (Lair:4)
  A storm dragon zombie (Depths:1)
  13 deep elf knights
  10 naga sharpshooters
  2 spriggan berserkers (Depths:3)
  A hell knight (Vaults:1)
  6 naga warriors
  4 soul eaters
  10 skeletal warriors
  13 skysharks
  2 wretched stars (WizLab)
  A skyshark (shapeshifter) (Depths:3)
  6 iron trolls
  12 sea snakes
  4 flayed ghosts (Depths:3)
  2 death drakes
  4 salamander mystics
  11 mana vipers
  The ghost of smashvw the Caller, a novice DgAE (D:8)
  3 orange crystal statues
  3 deep elf archers
  A quicksilver dragon simulacrum (Depths:3)
  A shadow demon (Depths:4)
  60 deep trolls
  5 arcanists
  4 naga ritualists
  3 spectral iron dragons (Depths:3)
  A spriggan simulacrum (Depths:3)
  14 glowing orange brains
  16 harpies
  An obsidian statue (Snake:3)
  9 ironbound convokers
  A steelbarb worm (Zot:1)
  6 phantasmal warriors
  Pikel (D:4)
  3 necromancers
  7 lindwurms
  22 deep elf pyromancers
  15 starcursed masses (WizLab)
  6 orc knights
  25 deep elf zephyrmancers
  4 sphinx simulacra (Depths:3)
  5 orc sorcerers
  A spectral satyr (Shoals:3)
  8 ugly things
  13 manticores
  4 cyclopes
  6 shining eyes
  A stone giant zombie (Depths:1)
  28 moths of wrath
  Maurice (D:12)
  24 salamanders
  3 meliai (D:15)
  8 merfolk sirens
  An ice statue (IceCv)
  12 elephants
  22 fauns
  A large abomination (Orc:1)
  35 black mambas
  15 guardian serpents
  17 naga magi
  12 vault sentinels
  7 eyes of devastation
  2 titan simulacra (Depths:3)
  3 water nymphs
  17 cane toads
  A torpor snail (shapeshifter) (Depths:2)
  2 smoke demons (Depths:2)
  2 storm dragon simulacra (Depths:3)
  A gargoyle (D:14)
  A molten gargoyle (Depths:1)
  7 komodo dragons
  18 yaktaurs
  3 rime drakes
  A spectral sea snake (Shoals:3)
  2 centaur skeletons (D:15)
  An unseen horror (D:12)
  An anaconda simulacrum (IceCv)
  An ancient zyme (Orc:1)
  4 tengu conjurers
  6 freezing wraiths
  14 ice devils
  A spectral glowing shapeshifter (Depths:3)
  A golden dragon simulacrum (Depths:3)
  25 merfolk
  A spectral harpy (Shoals:3)
  4 trolls
  3 polar bears
  2 shadow dragon simulacra (Depths:3)
  2 wind drakes
  3 tengu simulacra (Depths:3)
  3 hornets
  A tarantella (shapeshifter) (Depths:1)
  3 raiju (Orc:1)
  2 glass eyes
  An iron dragon simulacrum (Depths:3)
  12 blink frogs
  9 snapping turtles
  A blink frog (shapeshifter) (Orc:1)
  2 dream sheep (Shoals:4)
  90 slime creatures
  A shadow (D:10)
  A centaur simulacrum (D:15)
  A spriggan (Depths:4)
  2 wraiths
  4 air elementals
  2 dire elephant simulacra (IceCv)
  13 water elementals
  4 wargs
  37 yaks
  A spriggan (shapeshifter) (Depths:3)
  6 wyverns
  A warg (shapeshifter) (Elf:2)
  8 humans (D:13)
  A golden eye (shapeshifter) (Elf:3)
  9 golden eyes (WizLab)
  2 fire elementals
  A hog (shapeshifter) (D:14)
  3 steam dragons
  5 vampire mosquitoes
  4 death yak simulacra (IceCv)
  A neqoxec (WizLab)
  A sea snake simulacrum (Shoals:3)
  A harpy simulacrum (IceCv)
  An acid dragon (D:10)
  27 nagas
  2 spectral snapping turtles (Shoals:3)
  3 hydra simulacra (IceCv)
  18 water moccasins
  5 black bears
  34 orc warriors
  An ice beast (D:6)
  7 ogres
  A laughing skull (Vaults:3)
  A boggart (shapeshifter) (Elf:2)
  21 wolves
  13 centaurs
  3 kobold brigands
  3 lemures
  11 bullfrogs
  3 earth elementals
  2 gnoll sergeants
  2 merfolk simulacra (Shoals:3)
  7 scorpions
  A two-headed ogre simulacrum (IceCv)
  6 cane toad simulacra (IceCv)
  5 wights (D:10)
  A manticore simulacrum (Shoals:3)
  7 elephant simulacra (IceCv)
  23 killer bees
  A howler monkey (D:8)
  3 bombardier beetles
  A quasit (D:5)
  11 jellies
  14 orc priests
  3 hounds
  A sleepcap (D:5)
  Jessica (D:2)
  4 iguanas
  26 orc wizards
  A polar bear simulacrum (IceCv)
  2 troll simulacra (IceCv)
  2 wolf simulacra (IceCv)
  12 gnolls
  8 adders
  2 shadow imps (D:5)
  7 white imps
  9 ufetubi
  A ribbon worm (D:2)
  76 orcs
  7 endoplasms
  5 giant cockroaches
  6 goblins
  9 hobgoblins
  2 jackals (D:4)
  A jackal (shapeshifter) (Elf:1)
  16 kobolds
  4 quokkas
  5 ball pythons
  5 bats
  A frilled lizard (D:1)
  11 rats
  7 aspiring fleshes
  4 starspawn tentacles (WizLab)
  A tentacle (Shoals:4)
2031 creatures vanquished.

Vanquished Creatures (others)
  A golden dragon (Zot:3)
  A storm dragon (Zot:3)
  A ghost moth (Zot:3)
  A yellow draconian (Zot:3)
  A vault guard (D:13)
  A wind drake (Lair:5)
  A white imp (IceCv)
  15 starspawn tentacles (WizLab)
  12 tentacles (Shoals:4)
34 creatures vanquished.

Grand Total: 2065 creatures vanquished

Notes
Turn   | Place    | Note
-------+----------+-------------------------------------------
     0 | D:1      | GnomeSayin the Oni Fighter began the quest for the Orb.
     0 | D:1      | Reached XP level 1. HP: 24/24 MP: 1/1
   166 | D:1      | Reached XP level 2. HP: 32/33 MP: 2/2
   572 | D:1      | Reached XP level 3. HP: 41/41 MP: 3/3
   833 | D:2      | Found a faded altar of an unknown god.
   968 | D:2      | Noticed Jessica
   994 | D:2      | Killed Jessica
   995 | D:2      | Reached skill level 5 in Fighting
   995 | D:2      | Reached XP level 4. HP: 50/50 MP: 4/4
  1628 | D:2      | Reached XP level 5. HP: 57/57 MP: 5/5
  2709 | D:3      | Reached skill level 5 in Axes
  2709 | D:3      | Reached XP level 6. HP: 38/67 MP: 6/6
  3023 | D:4      | Noticed a black bear
  3064 | D:4      | Killed a black bear
  3223 | D:4      | Reached skill level 1 in Throwing
  3432 | D:4      | Noticed Pikel
  3806 | D:3      | Reached XP level 7. HP: 75/75 MP: 7/7
  4000 | D:4      | Killed Pikel
  4001 | D:4      | Reached skill level 2 in Throwing
  4001 | D:4      | Reached XP level 8. HP: 35/87 MP: 8/8
  4489 | D:4      | Found an ancient bone altar of Kikubaaqudgha.
  4835 | D:5      | Entered Level 5 of the Dungeon
  4947 | D:5      | Found a glowing silver altar of Zin.
  4948 | D:5      | Noticed an angel
  4963 | D:5      | Reached skill level 3 in Throwing
  5289 | D:5      | Found a shimmering altar of Xom.
  5408 | D:5      | Found a staircase to the Ecumenical Temple.
  5417 | Temple   | Entered the Ecumenical Temple
  5442 | Temple   | Became a worshipper of Warmaster Okawaru
  6443 | D:6      | Reached XP level 9. HP: 82/98 MP: 9/9
  6532 | D:6      | Reached * piety under Okawaru
  6779 | D:6      | Reached skill level 4 in Throwing
  7644 | D:7      | Reached skill level 5 in Throwing
  7828 | D:7      | Found Xiwave's Weapon Shop.
  8188 | D:6      | Reached ** piety under Okawaru
  8189 | D:6      | Reached skill level 10 in Fighting
  8707 | D:8      | Noticed a hornet
  8714 | D:8      | Paralysed by a hornet for 2 turns
  8716 | D:8      | Killed a hornet
  8868 | D:8      | Found an ornate altar of the Wu Jian Council.
  8946 | D:8      | Found a runed translucent gate.
  8946 | D:8      | Found a runed translucent gate.
  8946 | D:8      | Found a runed translucent gate.
  8948 | D:8      | Found an opulent altar of Gozag.
  8949 | D:8      | Noticed smashvw's ghost (novice DgAE)
  9200 | D:8      | Reached skill level 10 in Axes
  9200 | D:8      | Reached XP level 10. HP: 68/110 MP: 12/12
  9412 | D:8      | Noticed Erica
  9434 | D:8      | Killed Erica
  9818 | D:8      | Reached skill level 5 in Shields
 10467 | D:9      | Found Tyar's Antique Weapon Emporium.
 10477 | D:9      | Bought a crude dire flail for 216 gold pieces
 10477 | D:9      | Identified the +5 dire flail of Skirmishing {antimagic,
                  | rPois} (You bought it in a shop on level 9 of the Dungeon)
 11071 | D:9      | Found a white marble altar of Elyvilon.
 11109 | D:9      | Found a runed translucent gate.
 11109 | D:9      | Found a runed translucent gate.
 11111 | D:9      | Found a runed translucent gate.
 11111 | D:9      | Noticed a nine-headed hydra
 11112 | D:9      | Noticed Newt's ghost (journeyman KoHu)
 11215 | D:9      | Found a basalt altar of Yredelemnul.
 11248 | D:9      | Reached skill level 6 in Throwing
 12382 | D:9      | Reached skill level 5 in Invocations
 12382 | D:9      | Reached XP level 11. HP: 100/120 MP: 11/14
 12385 | D:9      | Reached *** piety under Okawaru
 12731 | D:10     | Entered Level 10 of the Dungeon
 13225 | D:10     | Found a roughly hewn altar of Beogh.
 13225 | D:10     | Found a staircase to the Orcish Mines.
 13581 | D:10     | Reached skill level 7 in Throwing
 13665 | D:10     | Found a staircase to the Lair.
 14034 | D:10     | Reached skill level 8 in Throwing
 14317 | Lair:1   | Entered Level 1 of the Lair of Beasts
 14763 | Lair:1   | Reached **** piety under Okawaru
 15361 | Lair:2   | Reached XP level 12. HP: 136/136 MP: 16/18
 15418 | Lair:2   | Reached ***** piety under Okawaru
 15734 | Lair:2   | Reached skill level 9 in Throwing
 15801 | Lair:2   | Found a staircase to the Shoals.
 16151 | Lair:2   | Reached skill level 1 in Maces & Flails
 16235 | Lair:3   | Noticed Gastronok
 16235 | Lair:3   | Noticed a seven-headed hydra
 16235 | Lair:3   | Noticed a skyshark
 16248 | Lair:2   | Killed Gastronok
 16386 | Lair:3   | Received a gift from Okawaru
 16739 | Lair:3   | Reached skill level 5 in Maces & Flails
 17243 | Lair:3   | Noticed a skyshark
 17402 | Lair:3   | a skyshark changed into a death drake
 17583 | Lair:3   | Received a gift from Okawaru
 17609 | Lair:3   | Killed a skyshark
 17610 | Lair:3   | Reached XP level 13. HP: 146/146 MP: 11/19
 17634 | Lair:3   | Found a staircase to the Snake Pit.
 17670 | Lair:3   | Noticed Urug
 17676 | Lair:3   | Urug changed into Urug the harpy
 17676 | Lair:3   | Noticed Urug
 17677 | Lair:3   | Killed Urug the harpy
 17945 | Lair:3   | Reached skill level 10 in Throwing
 19010 | Lair:4   | Reached skill level 15 in Fighting
 19246 | Lair:4   | Noticed Sonja
 19270 | Lair:4   | Killed Sonja
 19283 | Lair:4   | Received a gift from Okawaru
 19809 | Lair:5   | Entered Level 5 of the Lair of Beasts
 19809 | Lair:5   | Noticed an azure jelly
 19809 | Lair:5   | Found a runed translucent door.
 19810 | Lair:5   | Found a staircase to the Slime Pits.
 19810 | Lair:5   | Noticed an azure jelly
 19850 | Lair:5   | Noticed Snorg
 20610 | D:11     | Found Ogaeweqaa's One-of-a-Kind Rings.
 21921 | D:12     | Noticed Maurice
 21927 | D:12     | Maurice stole 5 throwing nets
 21929 | D:12     | Paralysed by Maurice for 3 turns
 21930 | D:12     | Maurice stole a ring of flight
 21933 | D:12     | Something stole a staff of cold
 21958 | D:12     | Paralysed by something for 2 turns
 21960 | D:12     | Something stole 9 javelins
 21963 | D:12     | Something stole 521 gold
 21969 | D:12     | Killed Maurice
 22273 | D:13     | Identified the +6 long sword of Terror {flame, rElec rF+
                  | rN+}
 22291 | D:13     | Found a gate leading to a gauntlet.
 22304 | Gauntlet | Entered a Gauntlet
 22304 | Gauntlet | Found a transporter.
 22304 | Gauntlet | Found a transporter.
 22308 | Gauntlet | Found a transporter.
 22314 | Gauntlet | Found a transporter.
 22319 | Gauntlet | Found a transporter.
 22319 | Gauntlet | Found a transporter.
 22332 | Gauntlet | Found a transporter.
 22332 | Gauntlet | Found a transporter.
 22336 | Gauntlet | Noticed a dire elephant
 22343 | Gauntlet | Found a transporter.
 22343 | Gauntlet | Found a transporter.
 22353 | Gauntlet | Found a transporter.
 22353 | Gauntlet | Found the necklace of Bloodlust {Fury *Rage Will++ Int-3
                  | Slay+6}
 22358 | Gauntlet | Found a transporter.
 22648 | Gauntlet | Killed a dire elephant
 22690 | Gauntlet | Identified the ring of Spite {Will+ MP+9}
 22700 | Gauntlet | Noticed a minotaur
 22724 | Gauntlet | Killed a minotaur
 22761 | Gauntlet | Got the Handbook of the Foremost Villages
 22818 | D:11     | Bought the ring of Xaezets {rElec Str+4 Int+5 SInv Clar}
                  | for 742 gold pieces
 23006 | D:13     | Reached XP level 14. HP: 159/162 MP: 20/20
 23048 | D:13     | Identified a scroll of acquirement
 23116 | D:13     | Found a portal to a secret trove of treasure.
 23331 | D:13     | Reached skill level 11 in Throwing
 23764 | D:13     | Found a gate to the Vaults.
 23774 | D:13     | Identified the +2 plate armour "Rannug" {Will+ Dex+2}
 24375 | D:14     | Received a gift from Okawaru
 24418 | D:14     | Reached skill level 10 in Shields
 24827 | D:15     | Entered Level 15 of the Dungeon
 24892 | D:15     | Reached skill level 12 in Throwing
 25158 | D:15     | Received a gift from Okawaru
 25224 | D:15     | Identified the +7 chain mail of the Old World {rC- Dex+6}
 25408 | D:15     | Reached XP level 15. HP: 162/174 MP: 18/21
 25443 | D:15     | Found a staircase to the Depths.
 25586 | Orc:1    | Entered Level 1 of the Orcish Mines
 25686 | Orc:1    | Found a transporter.
 25993 | Orc:1    | Found a one-way gate to the infinite horrors of the Abyss.
 26009 | Orc:1    | Noticed RoseCult's ghost (journeyman MiFi)
 26067 | Orc:1    | Found a transporter.
 26114 | Orc:2    | Entered Level 2 of the Orcish Mines
 26187 | Orc:2    | Found a staircase to the Elven Halls.
 26217 | Orc:2    | Received a gift from Okawaru
 26415 | Orc:2    | Noticed Jorgrun
 26433 | Orc:2    | Killed Jorgrun
 26434 | Orc:2    | Reached skill level 13 in Throwing
 26465 | Orc:2    | Found a bloodstained altar of Trog.
 26465 | Orc:2    | Noticed rbyellow5's ghost (journeyman OnWr)
 26471 | Orc:2    | Found a transporter.
 26473 | Orc:2    | Found a transporter.
 26473 | Orc:2    | Identified the ring "Oqexupp" {Fly rPois Will+++ Dex-4}
 26498 | Orc:2    | Found a frozen archway.
 26515 | IceCv    | Entered an ice cave
 26951 | IceCv    | Found an ancient bone altar of Kikubaaqudgha.
 27057 | IceCv    | Received a gift from Okawaru
 27638 | Orc:2    | Noticed an orc warlord
 27663 | Orc:2    | Killed an orc warlord
 28117 | Orc:2    | Found a roughly hewn altar of Beogh.
 28202 | Orc:2    | Found Ocillim's General Store.
 28235 | Orc:2    | Found Rodual's Antique Weapon Boutique.
 28250 | Orc:2    | Found Utiohucu's Book Boutique.
 28266 | Orc:2    | Found Pomo's Antique Armour Boutique.
 28413 | Orc:2    | Bought a scroll of identify for 26 gold pieces
 28413 | Orc:2    | Bought 2 boomerangs for 52 gold pieces
 28413 | Orc:2    | Bought a potion of resistance for 130 gold pieces
 28614 | Lair:5   | Killed Snorg
 28681 | Lair:5   | Found a runed translucent door.
 28681 | Lair:5   | Noticed Esekla's ghost (journeyman DsWn)
 28849 | Lair:5   | Received a gift from Okawaru
 28850 | Lair:5   | Reached skill level 10 in Invocations
 29082 | Lair:5   | Reached XP level 16. HP: 188/188 MP: 23/23
 29458 | Shoals:1 | Entered Level 1 of the Shoals
 29516 | Shoals:1 | Reached skill level 1 in Armour
 29698 | Shoals:1 | Received a gift from Okawaru
 29750 | Shoals:1 | Found a radiant altar of Vehumet.
 29937 | Shoals:1 | Found Uwnam's Armour Boutique.
 30050 | Shoals:1 | Reached skill level 14 in Throwing
 30556 | Shoals:2 | Received a gift from Okawaru
 30731 | Shoals:2 | Reached ****** piety under Okawaru
 30744 | Shoals:2 | Received a gift from Okawaru
 30750 | Shoals:2 | Got the Precepts of Hexes
 31042 | Shoals:3 | Found a runed translucent gate.
 31042 | Shoals:3 | Found a runed translucent gate.
 31042 | Shoals:3 | Found a runed translucent gate.
 31042 | Shoals:3 | Noticed Detyups's ghost (adept VSFi)
 31066 | Shoals:3 | Noticed Ilsuiw
 31083 | Shoals:3 | Killed Ilsuiw
 31401 | Shoals:4 | Entered Level 4 of the Shoals
 31572 | Shoals:4 | Reached XP level 17. HP: 186/198 MP: 26/26
 31611 | Shoals:4 | Reached skill level 5 in Armour
 31712 | Shoals:4 | Acquired a +2 eveningstar of freezing
 31712 | Shoals:4 | Received a gift from Okawaru
 31713 | Shoals:4 | Acquired the +9 shadow dragon scales "Tucuamo" {rF+ Str+2
                  | Int+3 Stlth++++}
 31713 | Shoals:4 | Received a gift from Okawaru
 31776 | Shoals:4 | Received a gift from Okawaru
 31859 | Shoals:4 | Identified the +0 short sword "Ypeniwk" {heavy, +Blink rC-
                  | rN+ Will++}
 32061 | Shoals:4 | Identified the +7 quarterstaff of the Fox {protect, rN+
                  | Dex+3}
 32364 | Shoals:4 | Noticed a kraken
 32394 | Shoals:4 | Received a gift from Okawaru
 32824 | Shoals:4 | Killed a kraken
 32831 | Shoals:4 | Got a barnacled rune of Zot
 32901 | Shoals:4 | Identified the serpent talisman "Kopyolul" {Will+ Dex+3}
 32998 | Shoals:4 | Got the Volume of Spatial Allies
 33199 | Shoals:4 | Acquired the +6 tower shield of Broken Taboos {Dex+3}
 33315 | Snake:1  | Entered Level 1 of the Snake Pit
 33321 | Snake:1  | Reached skill level 10 in Maces & Flails
 33330 | Lair:3   | Received a gift from Okawaru
 33413 | Snake:1  | Found a runed translucent door.
 33418 | Snake:1  | Noticed jasper's ghost (adept DrSh)
 33431 | Snake:1  | Killed jasper's ghost
 34399 | Snake:2  | Received a gift from Okawaru
 34745 | Snake:2  | You are sucked into a shaft and drop 1 floor!
 34818 | Snake:3  | Reached XP level 18. HP: 121/208 MP: 27/27
 35027 | Snake:3  | Received a gift from Okawaru
 35649 | Snake:2  | Noticed Nikola
 35661 | Snake:2  | Killed Nikola
 36295 | Snake:3  | Found a transporter.
 36296 | Snake:3  | Found a transporter.
 36611 | Snake:3  | Upgraded the game from 0.32-a0-886-g41c5271027 to
                  | 0.32-a0-893-gf85d74f360
 36643 | Snake:4  | Entered Level 4 of the Snake Pit
 37389 | Snake:4  | Identified the +6 quarterstaff of Summertime {vamp, rN+}
 37566 | Snake:4  | Received a gift from Okawaru
 38127 | Snake:4  | Reached skill level 15 in Throwing
 38294 | Snake:4  | Noticed a quicksilver dragon
 38304 | Snake:4  | Killed a quicksilver dragon
 38679 | Snake:4  | Received a gift from Okawaru
 38816 | Snake:4  | Got a serpentine rune of Zot
 39104 | Elf:1    | Entered Level 1 of the Elven Halls
 39305 | Elf:1    | You fall into a shaft and drop 1 floor!
 39332 | Elf:2    | Reached skill level 15 in Shields
 39333 | Elf:2    | Found a runed translucent gate.
 39333 | Elf:2    | Found a runed translucent gate.
 39333 | Elf:2    | Found a runed translucent gate.
 39614 | Elf:2    | Got the Treatise on the Smouldering Gang
 39829 | Elf:1    | Paralysed by an air elemental for 1 turns
 39886 | Elf:1    | Reached XP level 19. HP: 204/215 MP: 28/28
 39919 | Elf:1    | Paralysed by an air elemental for 1 turns
 39929 | Elf:1    | Received a gift from Okawaru
 39940 | Elf:1    | Reached skill level 16 in Throwing
 40631 | Elf:2    | Found a runed translucent gate.
 40631 | Elf:2    | Found a runed translucent gate.
 40633 | Elf:2    | Found a runed translucent gate.
 40656 | Elf:2    | Noticed Vaixt's ghost (adept DsGl)
 40687 | Elf:2    | Paralysed by an air elemental for 1 turns
 40720 | Elf:2    | Killed Vaixt's ghost
 40899 | Elf:2    | Identified the +2 plate armour "Soucw" {rElec rN+ Will-
                  | Dex+3}
 40905 | Elf:2    | Identified the ring "Pilais" {rPois rC+ rN+}
 41135 | Elf:3    | Entered Level 3 of the Elven Halls
 41191 | Elf:3    | Received a gift from Okawaru
 41383 | Elf:3    | Noticed Louise
 41388 | Elf:3    | Killed Louise
 41443 | Elf:3    | Noticed Roxanne
 41447 | Elf:3    | Killed Roxanne
 41644 | Elf:3    | Acquired a manual of Invocations
 41653 | Elf:3    | Found Tuofya Wuyn's Antique Weapon Shoppe.
 41657 | Elf:3    | Found Jixzal's General Store.
 42081 | Elf:3    | Noticed Saint Roka
 42088 | Elf:3    | Reached skill level 10 in Armour
 42089 | Elf:3    | Received a gift from Okawaru
 42094 | Elf:3    | Killed Saint Roka
 42537 | Elf:3    | Reached skill level 15 in Invocations
 42730 | Elf:3    | Received a gift from Okawaru
 42844 | Elf:3    | Identified the ring of Jatt {rElec rN+ Will- Slay+4}
 42865 | Elf:3    | Got the Incunabulum of Excruciating Weather
 42884 | Elf:3    | Identified the staff of Haseiky {rElec Str+5 Dex+2 Air}
 42889 | Elf:3    | Identified the +7 shortbow of Defilement {heavy, +Blink
                  | rElec rPois rF++}
 42894 | Elf:3    | Identified the +2 falchion of Gallantry {spect, rC+ Str+4
                  | Int+5}
 42895 | Elf:3    | Identified the +1 ice dragon scales of the Camelopard
                  | {-Cast rF- rC++ rN++ Regen+}
 42897 | Elf:3    | Identified the ring of Zith {rPois rC+ Dex+3}
 42902 | Elf:3    | Identified the staff of Men Zuer {+Blink MP+9 Dex+2 Tloc
                  | Earth}
 42906 | Elf:3    | Identified the dragon-blood talisman of the World {+Blink
                  | rN+ Stlth+}
 42943 | Elf:3    | Identified the +5 scale mail "Jum Tueg" {-Tele Harm rN+
                  | Dex+3}
 43345 | Elf:2    | Reached skill level 17 in Throwing
 43356 | Elf:2    | Reached XP level 20. HP: 226/226 MP: 31/31
 43903 | Orc:2    | Killed rbyellow5's ghost
 44110 | Orc:1    | Killed RoseCult's ghost
 44113 | Orc:1    | Received a gift from Okawaru
 44261 | D:9      | Killed Newt's ghost
 44265 | D:9      | Identified the +3 war axe of Paedy {heavy, rC- Int+6}
 44368 | D:8      | Killed smashvw's ghost
 44609 | Lair:5   | Killed Esekla's ghost
 44990 | Shoals:3 | Killed Detyups's ghost
 44991 | Shoals:3 | Reached skill level 18 in Throwing
 45243 | Vaults:1 | Entered Level 1 of the Vaults
 45583 | Vaults:1 | Identified the +1 arbalest "Viudosmi" {antimagic, rCorr
                  | Int-4 Dex+3}
 45648 | Vaults:1 | Acquired a manual of Evocations
 45649 | Vaults:1 | Acquired a manual of Maces & Flails
 45846 | Vaults:1 | Received a gift from Okawaru
 46712 | Vaults:2 | Reached skill level 15 in Maces & Flails
 47282 | Vaults:2 | Received a gift from Okawaru
 47992 | Vaults:2 | Reached skill level 1 in Evocations
 48221 | Vaults:3 | Found a magical portal.
 48231 | WizLab   | Entered Lehudib's Moon Base
 48250 | WizLab   | Reached XP level 21. HP: 234/234 MP: 32/32
 48286 | WizLab   | Found a transporter.
 48332 | WizLab   | Received a gift from Okawaru
 48333 | WizLab   | Reached skill level 5 in Evocations
 48719 | WizLab   | Identified the amulet "Qameah" {rN+ Regen+ rCorr}
 48951 | WizLab   | Paralysed by accursed screaming for 1 turns
 49103 | WizLab   | Found a transporter.
 49159 | WizLab   | Reached skill level 19 in Throwing
 49288 | WizLab   | Received a gift from Okawaru
 49325 | WizLab   | Identified the ring of Baeg {rN+ Will+ Str+3 Int+6}
 49548 | Vaults:3 | Found a staircase to the Crypt.
 50131 | Vaults:3 | Received a gift from Okawaru
 50485 | Vaults:4 | Found a flickering gateway to a bazaar.
 50500 | Bazaar   | Entered a bazaar
 50507 | Bazaar   | Found Faxtu's Weapon Shop.
 50521 | Bazaar   | Found Fepemeots's Book Boutique.
 50548 | Bazaar   | Found Fijuej's Book Boutique.
 50562 | Bazaar   | Found Wuatz's Weapon Shop.
 50570 | Bazaar   | Bought the +10 dark maul {heavy} for 687 gold pieces
 50570 | Bazaar   | Found the +10 dark maul {heavy}
 50570 | Bazaar   | Bought 6 curare-tipped darts for 72 gold pieces
 50570 | Bazaar   | Bought a throwing net for 30 gold pieces
 50576 | Bazaar   | Found Balu Zed's General Store.
 50584 | Bazaar   | Bought a scroll of fear for 48 gold pieces
 50584 | Bazaar   | Bought a scroll of blinking for 90 gold pieces
 50584 | Bazaar   | Bought a scroll of enchant armour for 90 gold pieces
 50584 | Bazaar   | Bought a wand of roots (6) for 172 gold pieces
 50584 | Bazaar   | Bought a potion of curing for 36 gold pieces
 50590 | Bazaar   | Found Kiucijaz's Jewellery Shop.
 50821 | Vaults:4 | Reached XP level 22. HP: 233/243 MP: 33/33
 50833 | Vaults:4 | Received a gift from Okawaru
 50867 | Vaults:4 | Acquired a manual of Invocations
 50869 | Vaults:4 | Identified the ring "Daphoap" {rN+ Int-4 SInv Stlth+}
 52222 | Snake:3  | Identified the staff of Fuodolih {rElec Will+ Str+4 Air}
 52230 | Snake:3  | Identified the scarf of Sophism {shadows, Slay+3 SInv}
 52511 | Depths:1 | Entered Level 1 of the Depths
 52802 | Depths:1 | Received a gift from Okawaru
 52916 | Depths:1 | Acquired a manual of Throwing
 53028 | Depths:1 | Found a gateway to Hell.
 53119 | Depths:1 | Noticed Norris
 53127 | Depths:1 | Killed Norris
 53291 | Depths:1 | Reached skill level 20 in Throwing
 53346 | Depths:1 | Found Duskav's Book Shop.
 53346 | Depths:1 | Found Mioguklu's Jewellery Shoppe.
 53347 | Depths:1 | Found Nimoskai's Jewellery Shoppe.
 53424 | Depths:2 | Received a gift from Okawaru
 53673 | Depths:2 | Found a flickering gateway to a bazaar.
 53689 | Bazaar   | Entered a bazaar
 53710 | Bazaar   | Found Mumanank's Antique Weapon Shoppe.
 53728 | Bazaar   | Found Deel's Antique Weapon Emporium.
 53776 | Bazaar   | Found Pujet's General Store.
 53793 | Bazaar   | Found Mulurann's Antique Weapon Emporium.
 54104 | Depths:2 | Reached skill level 21 in Throwing
 54532 | Depths:2 | Found a one-way gate leading to the halls of Pandemonium.
 54686 | Depths:3 | Received a gift from Okawaru
 54753 | Depths:3 | Reached skill level 22 in Throwing
 54859 | Depths:3 | Reached XP level 23. HP: 240/252 MP: 34/34
 55064 | Depths:3 | Reached skill level 23 in Throwing
 55103 | Depths:3 | Received a gift from Okawaru
 55319 | Depths:3 | Noticed a juggernaut
 55339 | Depths:3 | Reached XP level 24. HP: 259/261 MP: 19/34
 55669 | Depths:3 | Reached skill level 24 in Throwing
 55938 | Depths:3 | Noticed a dread lich
 55950 | Depths:3 | Killed a dread lich
 56024 | Depths:3 | Received a gift from Okawaru
 56287 | Depths:3 | Reached XP level 25. HP: 269/269 MP: 34/34
 56474 | Depths:3 | Reached skill level 25 in Throwing
 56545 | Depths:4 | Entered Level 4 of the Depths
 57117 | Depths:4 | Received a gift from Okawaru
 57564 | Depths:4 | Reached skill level 26 in Throwing
 57572 | Depths:4 | Identified the orb of Subjectivity {*channel, rN+ Int+4}
 57572 | Depths:4 | Noticed Frederick
 57581 | Depths:4 | Killed Frederick
 57701 | Depths:4 | Received a gift from Okawaru
 57709 | Depths:4 | Reached XP level 26. HP: 279/279 MP: 34/34
 57722 | Depths:4 | Noticed a juggernaut
 57734 | Depths:4 | Killed a juggernaut
 57738 | Depths:4 | Found a one-way gateway to a ziggurat.
 57831 | Depths:4 | Found a gate to the Realm of Zot.
 58552 | Slime:1  | Entered Level 1 of the Pits of Slime
 58732 | Slime:2  | Received a gift from Okawaru
 58761 | Slime:3  | Reached skill level 27 in Throwing
 59855 | Slime:5  | Entered Level 5 of the Pits of Slime
 60353 | Slime:5  | Received a gift from Okawaru
 60866 | Slime:5  | Noticed the Royal Jelly
 60886 | Slime:5  | Killed the Royal Jelly
 60988 | Slime:5  | Found the +4 skin of Zhor {*Englaciate rC+++ SInv}
 61000 | Slime:5  | Identified the amulet of the Iron Devil {rF+ RegenMP+}
 61031 | Slime:5  | Identified the ring "Loesax" {+Blink Fly Str+2}
 61046 | Slime:5  | Got a slimy rune of Zot
 61047 | Slime:5  | Identified the +1 dagger of the Fortifying Gods {antimagic,
                  | Int+4}
 61084 | Slime:5  | Identified the +6 arbalest of Corporal Punishment {freeze,
                  | rPois Will++ Str-5}
 61460 | D:13     | You paid a toll of a +7 demon blade to enter a treasure
                  | trove
 61461 | Trove    | Entered a treasure trove
 61463 | Trove    | Found a bloodstained altar of Trog.
 61477 | Trove    | Identified the +8 war axe "Pooxzen" {venom, rElec}
 61478 | Trove    | Identified the +7 mace "Seudeh" {pain, rC+ Dex+4}
 61487 | Trove    | Identified the +1 great sword of the Lair of Beasts
                  | {freeze, Dex+3}
 61489 | Trove    | Identified the +9 war axe of the Dowdy God {protect, rPois
                  | rN+ Will+++ Dex-5}
 61509 | Trove    | Identified the +8 mace "Ilism" {drain, rCorr Str+3}
 61513 | Trove    | Identified the +3 short sword of Glory {vamp, rElec Str+4}
 61721 | Zot:1    | Entered Level 1 of the Realm of Zot
 61884 | Zot:1    | Received a gift from Okawaru
 62273 | Zot:1    | Noticed Grunn
 62282 | Zot:1    | Killed Grunn
 62350 | Zot:1    | Reached XP level 27. HP: 308/308 MP: 34/34
 62424 | Zot:1    | Received a gift from Okawaru
 62485 | Zot:1    | Identified the +5 shortbow of Bosonnoz {heavy, rPois rC+
                  | Dex+3}
 62501 | Zot:1    | Got the Compendium of the Mortuary and the Iliaster
 62534 | Zot:1    | Got the Vellum of the Wereyak
 62536 | Zot:1    | Identified the ring "Xaerewas" {rPois rF- rCorr Str-3
                  | Int+5}
 63763 | Zot:3    | Received a gift from Okawaru
 64869 | Zot:3    | Identified the +5 war axe of the Keeping Hero {elec, Int+2}
 65172 | Zot:4    | Received a gift from Okawaru
 65453 | Zot:5    | Entered Level 5 of the Realm of Zot
 65485 | Zot:5    | Noticed an orb of fire
 65490 | Zot:5    | Killed an orb of fire
 65826 | Zot:5    | Noticed an ancient lich
 65831 | Zot:5    | Killed an ancient lich
 65865 | Zot:5    | Noticed an orb of fire
 65865 | Zot:5    | Noticed an orb of fire
 65872 | Zot:5    | Killed an orb of fire
 65874 | Zot:5    | Killed an orb of fire
 66071 | Zot:5    | Noticed an orb of fire
 66080 | Zot:5    | Noticed an orb of fire
 66084 | Zot:5    | Killed an orb of fire
 66093 | Zot:5    | Killed an orb of fire
 66093 | Zot:5    | Received a gift from Okawaru
 66252 | Zot:5    | Noticed an ancient lich
 66257 | Zot:5    | Killed an ancient lich
 66262 | Zot:5    | Noticed an orb of fire
 66263 | Zot:5    | Noticed an orb of fire
 66265 | Zot:5    | Killed an orb of fire
 66268 | Zot:5    | Gained mutation: Your spells are a little easier to cast,
                  | but a little less powerful. [an orb of fire]
 66269 | Zot:5    | Killed an orb of fire
 66926 | Zot:5    | Received a gift from Okawaru
 66941 | Zot:5    | Noticed an orb of fire
 66949 | Zot:5    | Killed an orb of fire
 66967 | Zot:5    | Noticed an orb of fire
 66973 | Zot:5    | Killed an orb of fire
 66973 | Zot:5    | Noticed an orb of fire
 66976 | Zot:5    | Killed an orb of fire
 66979 | Zot:5    | Noticed an orb of fire
 66992 | Zot:5    | Killed an orb of fire
 66992 | Zot:5    | Received a gift from Okawaru
 67082 | Zot:5    | Got the Quarto of Inauspicious Oxidation
 67126 | Zot:5    | Got the Orb of Zot
 67160 | Zot:5    | Noticed Zudusept the pandemonium lord
 67160 | Zot:5    | Noticed an ancient lich
 67632 | D:$      | Escaped with the Orb!

Illustrated notes

Levels and vault maps discovered:
D:1:      dpeg_arrival_rooms_b, layout_basic, minivault_14
D:2:      wad_pebble_path, layout_loops_ring,
          hellmonk_ecumenical_altar_crossroads, uniq_jessica
D:3:      layout_basic, nicolae_titane
D:4:      layout_basic, lemuel_crystal_altar, minmay_distorted, uniq_pikel,
          uniq_grinder
D:5:      layout_rooms, grunt_temple_overflow_order_and_chaos_1,
          minmay_temple_entry_statues_fountains, serial_demonic,
          serial_demonic_d, serial_demonic_f, serial_demonic_g,
          serial_demonic_a, serial_demonic_e, water_maze_lemuel
D:6:      layout_basic
D:7:      layout_gridville, nicolae_stop_n_shop_1, roderic_roman_lattice
D:8:      layout_rooms, nzn_wu_jian_council_hall, ebering_ghost_gozag,
          uniq_erica
D:9:      corexii_shack_village, layout_basic, elyvilon_altar_1,
          kennysheep_little_box, gammafunk_ghost_hydra_chop, serial_shops, shop,
          nicolae_eternal_life
D:10:     layout_loops_corners, grunt_lair_entry_orc_guard_hut, david_orc_5,
          serial_co_window_serial, co_window_of_opportunity_a,
          co_window_paths_a, co_window_paths_b, co_window_cross_1,
          co_window_corner_a, co_window_paths_b, co_window_paths_a,
          co_window_broadway_c, co_window_2corner, co_window_of_opportunity_b,
          co_window_2corner, co_window_2corner, co_window_unsneaky_path_c,
          co_window_cross_2, glass_columns_a, glass_columns_c, glass_columns_b,
          glass_columns_b, glass_columns_a
D:11:     layout_gridville, nicolae_shop_unique_rings
D:12:     layout_basic, uniq_maurice
D:13:     layout_basic, ximxim_vaults_locker_room, gauntlet_entry_generic,
          enter_trove_3
D:14:     layout_basic
D:15:     grunt_enter_depths_magical_seal, layout_basic, roderic_three_in_a_row
Temple:   nicolae_temple_slightly_damp_pantheon
Lair:1:   layout_regular_city, st_stairs_10, nicolae_lair_lil_pond
Lair:2:   layout_chaotic_city, nicolae_shoals_entry_flooding
Lair:3:   layout_loops_ring, minmay_snake_entry_spellcaster,
          beast_lair_carwin_1, uniq_urug, uniq_gastronok
Lair:4:   layout_roguey, cheibrodos_lair_reptile_den, uniq_kirke, uniq_sonja
Lair:5:   gammafunk_lair_ancient_temple, layout_misc_corridors, slime_entry_2,
          ebering_ghost_inner_flame, uniq_snorg
Shoals:1: layout_shoals, serial_shops, shop, lemuel_centaur_altar
Shoals:2: layout_shoals, nicolae_shoals_enchanted_isle
Shoals:3: layout_shoals, gammafunk_ghost_necromancy, uniq_ilsuiw
Shoals:4: shoals_end_hangedman, layout_shoals
Snake:1:  nicolae_snake_nest, layout_misc_corridors,
          ebering_ghost_reflecting_pool, nicolae_snake_lava_pool,
          lemuel_fruit_tree
Snake:2:  layout_grid_shapes, grunt_megastairs_1, uniq_nikola
Snake:3:  gammafunk_sealed_arena, layout_cave_town
Snake:4:  hellmonk_snake_rune_quicksilver_temple, layout_cave_town
Slime:1:  nicolae_slime_jelly_donut, layout_caves
Slime:2:  layout_caves, cheibrodos_slime_lost_civilization_5
Slime:3:  layout_caves
Slime:4:  layout_caves
Slime:5:  slime_pit_nicolae_royal_road_to_ruin
Orc:1:    layout_caves, gammafunk_ghost_abyssal_escape
Orc:2:    grunt_orc_cross, layout_diamond_mine,
          gammafunk_ghost_wrathful_warriors, portal_ice_cave_entry_pillars_1,
          uniq_jorgrun
Elf:1:    eino_elf_arrival_sip, layout_geoelf_diagonals, guppyfry_library_mini
Elf:2:    nicolae_elf_blades_splatter_lattice [grunt_blade_entry_basic],
          layout_gridlike, gammafunk_ghost_split, nicolae_elf_shapeshifter_party
Elf:3:    elf_hall, layout_loops_corners, minmay_shop_star, uniq_louise,
          uniq_saint_roka, uniq_roxanne
Vaults:1: nicolae_vaults_off_center_swirl, grunt_vaults_focal,
          nicolae_vaults_little_squares_4, ontoclasm_vaults_spin,
          hangedman_vaults_locks, nicolae_vaults_trapezoid_3,
          nicolae_vaults_double_plus_1, nicolae_vaults_yaktaur_gun_rack,
          ontoclasm_vaults_fault, vaults_room_grid, vaults_room_semicircle,
          nicolae_vaults_specimen_jars, nicolae_vaults_trapezoid_4,
          layout_vaults_omnicross
Vaults:2: nicolae_vaults_closet_pinwheel_5,
          nicolae_vaults_windows_and_doors_thing, ontoclasm_vaults_tryst,
          vaults_room_door_hall, nicolae_vaults_mini_display_case,
          vaults_standard_mumra_lines, nicolae_vaults_layer_cake_slice,
          nicolae_vaults_storage_closets_2, v_misc_8, layout_vaults_quadrants
Vaults:3: mu_enter_wizlab_1, minmay_crypt_entry_simple_plaza, v_misc_30,
          vaults_dpeg_emergency_exit, nicolae_vaults_shrinking_rooms_1,
          nicolae_vaults_tetromino_L_2, vaults_room_large_hall,
          ontoclasm_vaults_ring_small, vaults_room_ringed_pool,
          nicolae_vaults_diagonal_hallway_6, v_rooms_4, vaults_mumra_lcd,
          serial_ice_g, nicolae_vaults_variable_pillar_hall_cross,
          nicolae_vaults_little_squares_6, nicolae_vaults_big_ls,
          nicolae_vaults_trapezoid_lopsided_1, layout_vaults_omnibox
Vaults:4: vaults_room_fours, v_rooms_6, vaults_dpeg_cross,
          nicolae_vaults_diamond_1, nicolae_vaults_spaceships,
          hangedman_vaults_stream, nicolae_vaults_door_testing_chamber,
          nicolae_vaults_lightning_bolt, nicolae_vaults_sealed_display,
          vaults_room_semicircle, layout_vaults_ring, serial_shops,
          bzr_entry_customers
Depths:1: layout_cave_pools, serial_bayou_pond_e, pf_hell_entry_tar_river,
          kennysheep_donut, minmay_microvault, minmay_shop_grove,
          serial_bayou_shore_b, uniq_norris
Depths:2: minmay_curly_fans, layout_cave_pools, grunt_pan_entry_spiral,
          serial_shops, bzr_entry_dummy, hell_entry, infiniplex_staircase_x
Depths:3: lemuel_river_lethe, hell_entry, abyss_entry
Depths:4: grunt_zot_entry_funnels, layout_long_grid, enter_ziggurat_b,
          rand_demon_pan_entry_5, hell_entry, uniq_frederick
Zot:1:    regret_index_all_hallows'_manor, layout_basic, drop_trap, uniq_grunn
Zot:2:    layout_concentric_octagons, lemuel_elevator
Zot:3:    layout_onion_interference, regret_index_zotdec_plus,
          grunt_ministairs_15
Zot:4:    layout_onion_interference
Zot:5:    layout_basic

Skill      XL: |  1  2  3  4  5  6  7  8  9 10 11 12 13 14 15 16 17 18 19 20 21 22 23 24 25 26 27 |
---------------+----------------------------------------------------------------------------------+-----
Fighting       | 5 6 7 9 10 11 13 14 16 17 18 19 23 26 | 26.0
Axes           | 3 4 5 6 7 8 10 11 | 11.0
Throwing       | 1 2 3 5 6 8 9 10 12 13 14 15 17 18 19 22 23 24 26 27 | 27.0
Shields        | 4 6 8 10 12 13 14 15 16 17 18 21 | 21.8
Invocations    | 3 5 8 10 12 15 | 15.0
Dodging        | 4 |  4.0
Maces & Flails | 8 9 12 14 17 19 | 19.0
Armour         | 4 7 10 11 12 14 | 14.0
Evocations     | 3 6 |  6.0

Action                     |  1- 3 |  4- 6 |  7- 9 | 10-12 | 13-15 | 16-18 | 19-21 | 22-24 | 25-27 || total
---------------------------+-------+-------+-------+-------+-------+-------+-------+-------+-------++-------
  Melee: War axe           |    75 |   144 |   331 |   485 |       |       |       |       |       ||  1035
         Headbutt          |     7 |    13 |    45 |   143 |   216 |   213 |   344 |   281 |   260 ||  1522
         Morningstar       |       |       |       |   197 |   823 |   302 |       |       |       ||  1322
         Eveningstar       |       |       |       |       |       |   499 |  1192 |   760 |   726 ||  3177
  Throw: Dart              |       |     7 |    18 |    15 |     5 |       |       |       |       ||    45
         Throwing net      |       |       |     1 |       |       |     1 |     1 |       |       ||     3
         Boomerang         |       |       |     3 |    94 |   173 |   381 |    59 |       |    20 ||   730
         Javelin           |       |       |       |     2 |    66 |    28 |    31 |    11 |    92 ||   230
         Large rock        |       |       |       |       |    56 |     6 |    52 |    94 |   516 ||   724
 Invoke: Heroism           |       |       |     3 |    18 |    22 |     8 |     9 |     7 |     2 ||    69
         Finesse           |       |       |       |     3 |     1 |     1 |       |       |     4 ||     9
         Receive Weapon    |       |       |       |       |       |     1 |       |       |       ||     1
         Receive Armour    |       |       |       |       |       |     1 |       |       |       ||     1
  Evoke: Wand              |       |       |       |    12 |     1 |     2 |       |     2 |     1 ||    18
         Condenser vane    |       |       |       |       |     1 |     1 |       |       |       ||     2
         Phial of floods   |       |       |       |       |       |     1 |       |       |     1 ||     2
    Use: Scroll            |       |     7 |     3 |    10 |    11 |     8 |     6 |     2 |    16 ||    63
         Potion            |       |     1 |     3 |     7 |     1 |     2 |     1 |     2 |     5 ||    22
   Stab: Distracted        |       |       |       |     1 |       |       |       |       |     1 ||     2
         Sleeping          |       |       |       |       |     6 |    11 |    19 |     2 |     2 ||    40
         Held in net/web   |       |       |       |       |       |       |     2 |       |       ||     2
 Armour: Robe              |    37 |    89 |   243 |   461 |   194 |       |       |       |       ||  1024
         Troll leather arm |       |       |       |       |   344 |   168 |       |       |       ||   512
         Shadow dragon sca |       |       |       |       |       |   298 |   481 |   442 |   557 ||  1778
  Dodge: Dodged            |    19 |    42 |    95 |   221 |   195 |   102 |    83 |   110 |   125 ||   992
  Block: Kite shield       |    26 |    48 |   144 |   285 |   125 |       |       |       |       ||   628
         Tower shield      |       |       |       |       |   469 |   747 |  1065 |  1042 |  1036 ||  4359

Table legend: (Time is in decaauts)
 A = Elapsed time spent in this place.
 B = Non-inter-level travel time spent in this place.
 C = Inter-level travel time spent in this place.
 D = Time resting spent in this place.
 E = Time spent auto-exploring this place.
 F = Levels seen in this place.
 G = Mean time per level.
                   A        B        C        D        E       F      G
               +--------+--------+--------+--------+--------+-----+--------+
         Total |  66959 |  41857 |  25102 |  15444 |   2089 |  58 | 1154.5 |
       Dungeon |  21107 |  11717 |   9390 |   4674 |   1991 |  15 | 1407.1 |
        Temple |     46 |      2 |     44 |      0 |      0 |   1 |   46.0 |
          Lair |   7520 |   4266 |   3254 |   2196 |      0 |   5 | 1504.0 |
        Shoals |   3947 |   2573 |   1374 |    699 |      0 |   4 |  986.8 |
     Snake Pit |   6276 |   4017 |   2259 |   1818 |      0 |   4 | 1569.0 |
    Slime Pits |   2443 |   2066 |    377 |   1019 |      0 |   5 |  488.6 |
  Orcish Mines |   2327 |   1473 |    854 |    136 |      0 |   2 | 1163.5 |
   Elven Halls |   4628 |   2683 |   1945 |   1185 |      0 |   3 | 1542.7 |
        Vaults |   4955 |   2443 |   2512 |    407 |      0 |   4 | 1238.8 |
        Depths |   5495 |   3910 |   1585 |   1328 |      0 |   4 | 1373.8 |
           Zot |   5379 |   3873 |   1506 |   1657 |      0 |   5 | 1075.8 |
        Bazaar |    259 |    259 |      0 |      0 |     98 |   2 |  129.5 |
         Trove |     63 |     63 |      0 |      0 |      0 |   1 |   63.0 |
      Ice Cave |    965 |    965 |      0 |    104 |      0 |   1 |  965.0 |
        Wizlab |   1073 |   1073 |      0 |    209 |      0 |   1 | 1073.0 |
      Gauntlet |    468 |    468 |      0 |      9 |      0 |   1 |  468.0 |
               +--------+--------+--------+--------+--------+-----+--------+

Top non-repeatable levels by time:
 Snake:3: 2505 daAuts
Depths:3: 2361 daAuts
    D:10: 2311 daAuts
  Lair:3: 2263 daAuts
     D:9: 2127 daAuts
   Elf:2: 2048 daAuts
  Lair:2: 1927 daAuts
     D:4: 1730 daAuts
Vaults:2: 1726 daAuts
     D:7: 1726 daAuts
     D:6: 1712 daAuts
   Zot:2: 1692 daAuts
 Snake:4: 1663 daAuts
   Zot:5: 1647 daAuts
Shoals:4: 1580 daAuts
